Map: Lightshade LE

Players

A.I. 1 (Very Easy) - Winner!

  • Race: Terran Terran
  • Spawn Location: 5:00

Albert

  • Race: Zerg Zerg
  • League: Diamond
  • Spawn Location: 11:00

VOD

Have the link to the VOD?

Description

Time

  • Played on: Oct. 24, 2020, 5:26 p.m.
  • Length: 10:17
Show
View Real Time Build Order
Export as new Build Order

A.I. 1 (Very Easy) Terran - Winner!

Build Orders: Reaper Expand 

Get SALT Encoding   

  12  0:00  SCV  
  13  0:13  SCV  
  14  0:18  Supply Depot  
  14  0:42  Barracks  
  14  1:03  Command Center  
  14  1:30  Supply Depot, Orbital Command  
  14  1:31  Marine  
  15  1:36  Refinery  
  15  1:48  Refinery  
  15  1:55  SCV  
  16  2:07  SCV  
  17  2:16  Reaper  
  17  2:20  SCV  
  17  2:21  SCV  
  20  2:32  SCV  
  20  2:35  SCV  
  22  2:44  SCV  
  23  2:50  SCV  
  23  2:51  Refinery  
  24  2:57  Marine, SCV  
  26  3:04  SCV  
  27  3:11  SCV  
  28  3:18  SCV, Factory  
  29  3:38  Marine  
  29  3:40  Refinery  
  30  3:42  SCV  
  31  3:49  SCV  
  31  3:55  Supply Depot  
  32  3:56  SCV  
  33  4:04  SCV, Starport  
  34  4:11  SCV  
  35  4:18  SCV  
  35  4:20  Reaper  
  37  4:25  SCV  
  38  4:32  SCV  
  38  4:36  Supply Depot  
  39  4:40  Starport Tech Lab, SCV  
  40  4:47  SCV  
  41  4:53  Barracks Tech Lab  
  41  4:54  SCV  
  41  4:59  Raven  
  44  5:01  SCV  
  45  5:08  SCV  
  45  5:11  Marine  
  47  5:16  SCV  
  48  5:41  Raven  
  50  5:53  Marine  
  51  6:35  Marauder  
  53  6:45  SCV  
  53  9:14  SCV  
Show
View Real Time Build Order
Export as new Build Order

Albert Zerg 

Build Orders: Hatch First, Muta Ling Bane 

Get SALT Encoding   

  12  0:01  Drone  
  13  0:13  Overlord  
  13  0:17  Drone  
  14  0:32  Drone  
  14  0:33  Drone  
  16  0:49  Hatchery  
  15  0:55  Drone  
  16  0:57  Drone  
  16  1:00  Drone  
  18  1:11  Extractor  
  18  1:17  Spawning Pool  
  16  1:20  Drone  
  16  1:22  Drone  
  18  1:30  Drone  
  19  1:40  Drone  
  20  1:51  Drone  
  21  2:03  Queen  
  21  2:04  Queen  
  21  2:06  Zergling x4  
  27  2:18  Hatchery  
  26  2:30  Overlord  
  26  2:33  Drone x2  
  26  2:36  Metabolic Boost  
  28  2:50  Drone x2  
  28  2:51  Drone x2  
  31  2:54  Queen  
  34  3:00  Overlord  
  34  3:03  Drone  
  35  3:05  Drone  
  35  3:11  Overlord  
  36  3:22  Drone x3  
  36  3:24  Drone x2  
  41  3:28  Drone  
  41  3:31  Drone  
  43  3:36  Overlord  
  43  3:40  Queen  
  45  3:42  Queen  
  47  3:48  Queen  
  49  4:04  Zergling x8  
  49  4:08  Overlord x2  
  53  4:16  Drone x5, Baneling Nest  
  57  4:32  Drone x2  
  57  4:33  Drone x4  
  57  4:37  Overlord  
  63  4:40  Lair  
  63  4:42  Queen  
  63  4:43  Queen  
  67  4:47  Spore Crawler  
  67  4:49  Spore Crawler  
  67  4:51  Spore Crawler  
  64  5:06  Extractor  
  63  5:08  Drone x3, Extractor  
  63  5:09  Drone x2  
  63  5:10  Drone  
  68  5:16  Drone x2  
  68  5:17  Drone x6  
  68  5:18  Drone x2, Evolution Chamber  
  68  5:21  Evolution Chamber  
  76  5:22  Overlord  
  76  5:24  Overlord  
  76  5:27  Overlord  
  76  5:47  Zerg Melee Weapons Level 1  
  76  5:49  Zerg Ground Armor Level 1  
  76  5:56  Overlord  
  76  5:57  Overlord x2  
  76  5:59  Centrifical Hooks  
  76  6:08  Zergling x14  
  76  6:09  Zergling x18  
  92  6:15  Overlord x3  
  92  6:20  Baneling x6  
  92  6:21  Baneling  
  92  6:28  Drone x3, Extractor  
  94  6:38  Extractor  
  94  6:39  Drone x3, Extractor  
  95  6:41  Drone x3  
  95  6:42  Drone  
  95  6:43  Drone  
  95  6:45  Drone x2  
  102  6:49  Drone x3  
  105  7:01  Extractor  
  105  7:02  Hatchery  
  105  7:04  Extractor  
  105  7:07  Zergling x2  
  105  7:08  Zergling x22  
  113  7:13  Overlord x3  
  114  7:20  Spire  
  113  7:25  Drone  
  113  7:26  Drone x2  
  116  7:40  Drone x3  
  119  7:46  Zergling x2  
  119  7:47  Zergling x16  
  128  7:52  Zerg Melee Weapons Level 2  
  128  7:53  Zerg Ground Armor Level 2  
  128  7:54  Overseer  
  128  7:59  Overseer x2  
  128  8:00  Overseer  
  128  8:26  Spine Crawler  
  127  8:27  Spine Crawler  
  127  8:32  Mutalisk  
  127  8:33  Mutalisk x9, Spine Crawler  
  127  8:34  Mutalisk  
  147  8:46  Queen  
  150  8:48  Drone x3  
  150  8:49  Drone x2  
  150  8:50  Zergling x2  
  150  8:51  Zergling x20  
  150  8:55  Baneling x11  
  165  8:56  Baneling x2  
  165  8:59  Overlord  
  165  9:00  Overlord  
  165  9:15  Mutalisk  
  165  9:16  Mutalisk x4  
  175  9:22  Zergling x2  
  175  9:23  Zergling x14  
  183  9:32  Zergling x6  
  183  9:33  Zergling x4  
  188  9:47  Zergling x2  
  188  9:48  Zergling x22  
Tags
 
Add a new tag
Caveats
  • Supply blocks, unpowered buildings, or Contaminate may cause inaccurate times.
  • Supply counts are checked every 10 seconds.